 Dungeon Crawl Stone Soup version 0.31-a0-931-g7b59d4eb97 (webtiles) character file.

Game seed: 8249845565904500370

31 GordonOverkill the Sneak (level 3, 0/23 HPs)
             Began as a Tengu Delver on Oct 18, 2023.
             Slain by an orc
             ... wielding a +0 hand axe
              (2 damage)
             ... on level 5 of the Dungeon.
             The game lasted 00:00:55 (182 turns).

GordonOverkill the Sneak (Tengu Delver)              Turns: 182, Time: 00:00:56

Health: 0/23       AC:  3    Str: 12    XL:     3   Next: 22%
Magic:  4/4        EV: 12    Int: 12    God:
Gold:   9          SH:  0    Dex: 15    Spells: 2/2 levels left

rFire   . . .        a - +0 spear
rCold   . . .        (no shield)
rNeg    . . .        b - +0 leather armour
rPois   .            (helmet restricted)
rElec   .            (no cloak)
rCorr   .            (no gloves)
SInv    .            (boots unavailable)
Will    .....        (no amulet)
Stlth   +++          (no ring)
HPRegen 0.23/turn    (no ring)
MPRegen 0.09/turn

%: acrobat
@: hasted, very quick
A: beak, talons 3, acrobatic
a: no special abilities


You were on level 5 of the Dungeon.
You visited 1 branch of the dungeon, and saw 2 of its levels.

You collected 9 gold pieces.

Inventory:

Hand Weapons
 a - a +0 spear (weapon)
Armour
 b - a +0 leather armour (worn)
Wands
 g - a wand of digging (3)
Scrolls
 c - a scroll of fog
 d - a scroll of revelation
 e - a scroll of fear
Potions
 h - a potion of lignification {unknown}


   Skills:
 + Level 3.3 Fighting
 + Level 2.7 Polearms
 + Level 2.7 Dodging
 + Level 5.2 Stealth


You had 2 spell levels left.
You didn't know any spells.
Your spell library contained the following spells:

 Spells                   Type           Power      Damage    Failure   Level
 Ensorcelled Hibernation  Hex/Ice        0%         N/A       54%         2
 Passwall                 Tmut/Erth      0%         N/A       54%         2
 Swiftness                Air            0%         N/A       77%         3


Dungeon Overview and Level Annotations

Branches:
Dungeon (6/15)
 Temple: D:4-7

Altars:
Wu Jian

Annotations:
D:5 Menkaure
D:6 Maggie


Innate Abilities, Weirdness & Mutations

You have a beak for a mouth.
You have claws for feet.
You can magically evade attacks while moving or waiting.


Message History

You closely miss the hound. Your kick misses the hound.
Your peck misses the hound.
The hound is almost dead.
The hound barely misses you.
You hit the hound but do no damage.
The hound is almost dead.
The hound bites you.
* * * LOW HITPOINT WARNING * * *
You hit the hound but do no damage. Your peck misses the hound.
The hound is almost dead.
The hound barely misses you.
You barely miss the hound. Your peck misses the hound.
The hound is almost dead.
The hound closely misses you. The hound barely misses you.
You barely miss the hound. Your kick misses the hound. You peck the hound.
You kill the hound!
You have reached level 2!
You have reached level 3!
Your experience leads to an increase in your attributes!
Increase (S)trength, (I)ntelligence, or (D)exterity?
You feel clever. x2
Unknown command.
An orc comes into view. It is wielding a +0 club.
Found a spear.
Found an ornate altar of the Wu Jian Council.
Menkaure, Prince of Dust comes into view.
Found 5 stones.
You hit the orc. You claw the orc.
The orc is severely wounded.
The orc barely misses you.
You completely miss the orc. You peck the orc, but do no damage.
The orc is severely wounded.
You barely miss the orc. Your kick misses the orc.
The orc is severely wounded.
The orc hits you with a +0 hand axe.
* * * LOW HITPOINT WARNING * * *
You hit the orc. Your peck misses the orc.
The orc is almost dead.
The orc hits you with a +0 hand axe.
You die...

##### ###o@.#
#...#.# #.###.#
#†# (..
#######.##....
#.......##.....
#.#.h.o..#......
....###.##M)_....
.........#..♣.....


You could see an orc.

Vanquished Creatures
  A hound (D:5)
  An orc (D:5)
2 creatures vanquished.

Notes
Turn   | Place    | Note
-------+----------+-------------------------------------------
     0 | D:5      | GordonOverkill the Tengu Delver began the quest for the
                  | Orb.
     0 | D:5      | Reached XP level 1. HP: 14/14 MP: 2/2
    14 | D:6      | Noticed Maggie
    18 | D:5      | Noticed a phantom
   134 | D:5      | Noticed a hound
   141 | D:5      | Noticed a lemure
   173 | D:5      | Killed a hound
   174 | D:5      | Reached XP level 2. HP: 3/19 MP: 3/3
   174 | D:5      | Reached XP level 3. HP: 3/23 MP: 4/4
   176 | D:5      | Found an ornate altar of the Wu Jian Council.
   177 | D:5      | Noticed Menkaure
   182 | D:5      | Slain by an orc

Illustrated notes

Levels and vault maps discovered:
D:5:      layout_loops_ring, nzn_wu_jian_contemplation, kennysheep_mini,
          gammafunk_ghost_stat_death, uniq_pikel, uniq_menkaure
D:6:      layout_gridville, zin_statuary, serial_shops,
          nicolae_shop_window_shopping, biasface_ghost_orc_armoury, uniq_maggie

Action                     || total
---------------------------++-------
  Melee: Spear             ||    21
         Peck              ||     3
         Kick              ||     2
         Punch             ||     1
    Use: Potion            ||     1
   Stab: Sleeping          ||     1
 Armour: Leather armour    ||     7
  Dodge: Dodged            ||    11

Table legend: (Time is in decaauts)
 A = Elapsed time spent in this place.
 B = Non-inter-level travel time spent in this place.
 C = Inter-level travel time spent in this place.
 D = Time resting spent in this place.
 E = Time spent auto-exploring this place.
 F = Levels seen in this place.
 G = Mean time per level.
                   A        B        C        D        E       F      G
               +--------+--------+--------+--------+--------+-----+--------+
         Total |    174 |    174 |      0 |    100 |      0 |   2 |   87.0 |
       Dungeon |    174 |    174 |      0 |    100 |      0 |   2 |   87.0 |
               +--------+--------+--------+--------+--------+-----+--------+

Top non-repeatable levels by time:
     D:5: 162 daAuts
     D:6: 12 daAuts
